 Dungeon Crawl Stone Soup version 0.14-a0-102-g2341383 (webtiles) character file.

39389 Vitellio the Severer (level 13, -1/113 HPs)
             Began as a Lava Orc Fighter on Oct 3, 2013.
             Was the Champion of Okawaru.
             Killed from afar by a deep elf conjurer (24 damage)
             ... with a bolt of lightning
             ... on Level 1 of the Elven Halls.
             The game lasted 01:55:45 (15177 turns).

Vitellio the Severer (Lava Orc Fighter)            Turns: 15177, Time: 01:55:45

HP  -1/113       AC 31     Str 24      XL: 13   Next: 59%
MP  12/12        EV  6     Int  8      God: Okawaru [******]
Gold 1725        SH 29     Dex 13      Spells:  0 memorised, 12 levels left

Res.Fire  : + + +   See Invis. : +   Q - +3 dwarf broad axe (chop)
Res.Cold  : x x .   Warding    : .   U - +1 orc plate armour
Life Prot.: + . .   Conserve   : .   c - +1 orc shield
Res.Poison: .       Res.Corr.  : +   K - +2 helmet {SInv}
Res.Elec. : .       Clarity    : .   H - +1 cloak
Sust.Abil.: . .     Spirit.Shd : .   k - +2 pair of gauntlets {Dex+3}
Res.Mut.  : .       Stasis     : .   o - +0 pair of boots
Res.Rott. : .       Flight     : .   v - amulet of resist corrosion
Saprovore : + . .                    e - ring of Xom's Flight of Fancy {rC- rN+ Acc y - +4 ring of protection

@: quick, somewhat resistant to hostile enchantments, extremely unstealthy
A: conserve scrolls, saprovore 1
a: Heroism, Finesse, Renounce Religion


You were on level 1 of the Elven Halls.
You worshipped Okawaru.
Okawaru was exalted by your worship.
You were not hungry.

You visited 4 branches of the dungeon, and saw 17 of its levels.

You collected 2096 gold pieces.
You spent 391 gold pieces at shops.

Inventory:

Hand weapons
 i - a +1,+4 orcish war axe
 j - the +0,-4 war axe "Kliesael" {holy, rElec rN+}
   (Okawaru gifted it to you on level 4 of the Orcish Mines)

   It has been blessed by the Shining One to cause great damage to the undead
   and demons.
   It insulates you from electricity.
   It protects you from negative energy.
 I - the +5,+7 morningstar "Streveoqe" {drain, -Cast Dex+1 Int+2, unknown}
   (Okawaru gifted it to you on level 4 of the Orcish Mines)

   A truly terrible weapon, it drains the life of those it strikes.
   It affects your intelligence (+2).
   It affects your dexterity (+1).
   It prevents spellcasting.
 Q - a +3,+3 dwarven broad axe of chopping (weapon)
Missiles
 x - 4 silver tomahawks (quivered)
Armour
 c - a +1 orcish shield (worn)
 k - a +2 pair of gauntlets of dexterity (worn)
 m - a +1 plate armour
 o - a +0 pair of boots (worn)
 H - a +1 cloak (worn)
 K - a +2 helmet of see invisible (worn)
 O - a +1 orcish chain mail of poison resistance
 U - a +1 orcish plate armour (worn)
Magical devices
 a - a wand of frost (16)
 u - a wand of draining (6)
 A - a wand of fire (0)
 B - a wand of disintegration (9)
 F - a wand of paralysis (8)
Comestibles
 d - 6 meat rations
 q - 4 bread rations
Scrolls
 b - a scroll of blinking
 g - 8 scrolls of teleportation
 h - 2 scrolls of fog
 n - 4 scrolls of identify
 p - 3 scrolls of recharging
 t - 13 scrolls of remove curse
 z - 5 scrolls of magic mapping
 D - a scroll of enchant weapon II
 P - a scroll of fear
Jewellery
 e - the ring of Xom's Flight of Fancy (right hand) {rC- rN+ Acc+3}
   (You found it on level 6 of the Dungeon)

   [ring of positive energy]

   It affects your accuracy (+3).
   It makes you vulnerable to cold.
 v - an amulet of resist corrosion (around neck)
 w - an uncursed ring of protection from fire
 y - a +4 ring of protection (left hand)
 J - an uncursed amulet of rage
Potions
 f - 3 potions of heal wounds
 l - 4 potions of might
 r - 2 potions of curing
 s - a potion of agility
 C - a potion of restore abilities {unknown}
 E - a potion of resistance {unknown}
 L - a potion of poison {unknown}
 R - 2 potions of brilliance
Miscellaneous
 M - a lantern of shadows


   Skills:
 + Level 11.8 Fighting
 + Level 15.1 Axes
 + Level 0.3 Throwing
 + Level 9.7 Armour
 + Level 7.9 Dodging
 - Level 1.5 Stealth
 + Level 13.1 Shields


You had 12 spell levels left.
You didn't know any spells.

Dungeon Overview and Level Annotations

Branches:
Dungeon (11/27)            Temple (1/1) D:4             Orc (4/4) D:11
    Elf (1/3) Orc:3          Lair (0/8) D:8

Altars:
Ashenzari
Cheibriados
Elyvilon
Fedhas
Kikubaaqudgha
Makhleb
Nemelex Xobeh
Okawaru
Sif Muna
Trog
Vehumet
Xom
Yredelemnul
Zin
the Shining One
Beogh

Shops:
D:9 *   Orc:4 **}/   Elf:1 //


Innate Abilities, Weirdness & Mutations

You have stony skin.
You cover ground quickly.
Your flesh is almost immune to the effects of heat.
Your fire spells are more powerful.
Your flesh is vulnerable to cold.
Your heat harms attackers.
You bathe your surroundings in blazing heat.
You are too hot to use scrolls.
You are very good at protecting items from fire.
You can tolerate rotten meat.


Message History

The deep elf summoner mumbles some strange words.
Unknown command.
You closely miss the deep elf knight. You slash the deep elf mage!
You kill the deep elf mage!
Okawaru accepts your kill.
The battlesphere dissipates.
You block the deep elf knight's attack.
The deep elf knight gestures wildly while chanting.
The deep elf knight flickers and vanishes for a moment.
A deep elf summoner comes into view. It is wielding an elven dagger.
You barely miss the deep elf knight. You hit the orange rat.
The orange rat is heavily wounded.
You're getting fired up.
The deep elf conjurer points at you and mumbles some strange words.
The bolt of lightning hits the orange rat.
The orange rat dies!
The orange rat's corpse disappears in a puff of smoke!
The bolt of lightning hits you!
* * * LOW HITPOINT WARNING * * *
The bolt of lightning hits you!
You die... e .# se ##.## ## sre.

.. ###es###
#.##.e§e.e#
#.###@##.#
#.##(.(..# #
###.#.###.##
..###....## #.#
#....#.#.#.## ##
.......#.##.#...#
..f.#.#......#
.##.#.#.#..#.#...#
#........∩..#.##.##


You could see a demonic crawler, 2 deep elf knights, a deep elf conjurer, 2 deep
elf summoners, a redback, a tarantella, a deep elf fighter, a deep elf mage and
an orange rat.

Vanquished Creatures
  A deep elf annihilator (Elf:1)
  Erica (Orc:2)
  4 ogre magi (Orc:4)
  Urug (Orc:3)
  Nergalle (Orc:2)
  A centaur warrior (D:11)
  Erolcha (Orc:3)
  A deep elf knight (Elf:1)
  Pikel (D:6)
  3 hill giants
  An orc sorcerer (Orc:4)
  Joseph (Orc:3)
  2 cyclopes
  2 deep elf conjurers (Elf:1)
  The ghost of Duskembrace the Chucker, an experienced OgHu (D:5)
  Maurice (Orc:2)
  3 deep elf summoners (Elf:1)
  4 feature mimics
  Psyche (Orc:2)
  A queen ant (D:11)
  An item mimic (Orc:3)
  2 demonic crawlers (Elf:1)
  6 trolls
  14 two-headed ogres
  Grinder (D:3)
  A hydra zombie (D:8)
  3 deep elf priests (Elf:1)
  Sonja (Orc:3)
  Prince Ribbit (D:4)
  A tarantella (shapeshifter) (D:9)
  A merfolk (D:11)
  2 redbacks (Elf:1)
  A basilisk (D:8)
  5 deep elf magi (Elf:1)
  A chaos spawn (Orc:4)
  A hill giant zombie (D:8)
  An ugly thing (D:9)
  A wyvern (D:8)
  4 deep elf fighters (Elf:1)
  Eustachio (D:5)
  12 yaks
  2 hill giant skeletons
  The ghost of smajdalf the Chiller, an average DgIE (D:4)
  3 hungry ghosts
  3 manticores
  A hippogriff (D:7)
  8 soldier ants (D:11)
  2 sky beasts
  5 ice beasts
  A mottled dragon (D:7)
  A porcupine (D:8)
  19 orc warriors
  A black bear (D:10)
  27 ogres
  2 crocodiles
  10 centaurs
  3 wargs
  Blork the orc (D:8)
  2 gnoll sergeants
  2 water moccasins
  3 giant frogs
  A hippogriff zombie (D:9)
  A yak zombie (D:9)
  6 wights
  6 killer bees (D:8)
  A yak skeleton (D:8)
  A quasit (D:5)
  4 goliath beetles
  2 jellies
  8 crimson imps
  6 hounds
  A gnoll shaman (Orc:4)
  6 scorpions
  23 orc priests
  A giant frog skeleton (D:9)
  3 big fish (D:11)
  A centaur skeleton (D:5)
  27 orc wizards
  3 iguanas
  6 orange rats (Elf:1)
  24 worker ants
  A sky beast zombie (D:10)
  An ogre skeleton (D:9)
  A hound skeleton (D:5)
  12 adders
  17 gnolls
  5 green rats (D:8)
  5 giant centipedes
  A shadow imp (D:5)
  4 white imps
  2 giant mites
  3 worms
  3 ufetubi (D:5)
  2 grey rats (D:5)
  A giant eyeball (D:10)
  7 giant geckos
  170 orcs
  21 goblins
  19 hobgoblins
  16 kobolds
  2 quokkas
  19 bats
  6 giant cockroaches
  A giant gecko zombie (D:5)
  7 giant newts
  A giant spore (D:7)
  A hobgoblin skeleton (D:9)
  14 jackals
  An orc zombie (Orc:4)
  13 rats
  A rat skeleton (D:5)
  5 spectral orcs (Orc:2)
  6 ballistomycetes
689 creatures vanquished.

Vanquished Creatures (others)
  An orc wizard (D:8)
  A water moccasin skeleton (D:10)
  An orange rat (Elf:1)
  A goblin (D:6)
  A giant spore (D:10)
  A fungus (Elf:1)
6 creatures vanquished.

Grand Total: 695 creatures vanquished

Notes
Turn   | Place    | Note
--------------------------------------------------------------
     0 | D:1      | Vitellio, the Lava Orc Fighter, began the quest for the Orb.
     0 | D:1      | Reached XP level 1. HP: 19/19 MP: 0/0
   177 | D:1      | Reached XP level 2. HP: 23/26 MP: 1/1
   866 | D:2      | Reached XP level 3. HP: 19/33 MP: 2/2
  1084 | D:2      | Reached skill level 1 in Dodging
  1101 | D:2      | Reached skill level 4 in Shields
  1212 | D:2      | Reached XP level 4. HP: 21/39 MP: 3/3
  1545 | D:2      | Found a basalt altar of Yredelemnul.
  1545 | D:2      | Found a radiant altar of Vehumet.
  1829 | D:3      | Reached XP level 5. HP: 30/46 MP: 4/4
  1904 | D:3      | Found a white marble altar of Elyvilon.
  1938 | D:3      | Noticed Grinder
  1955 | D:3      | Killed Grinder
  1955 | D:3      | Reached skill level 5 in Shields
  1955 | D:3      | Reached XP level 6. HP: 39/53 MP: 5/5
  2469 | D:4      | Noticed smajdalf's ghost (average DgIE)
  2482 | D:4      | Killed smajdalf's ghost
  2482 | D:4      | Reached XP level 7. HP: 53/59 MP: 6/6
  2609 | D:4      | Found a staircase to the Ecumenical Temple.
  2721 | D:4      | Noticed Prince Ribbit
  2736 | D:4      | Killed Prince Ribbit
  2736 | D:4      | Reached skill level 6 in Shields
  3085 | D:4      | Reached skill level 5 in Armour
  3484 | Temple   | Entered the Ecumenical Temple
  3661 | Temple   | Became a worshipper of Warmaster Okawaru
  3693 | D:5      | Entered Level 5 of the Dungeon
  3693 | D:5      | Noticed Eustachio
  3716 | D:5      | Killed Eustachio
  3716 | D:5      | Reached skill level 5 in Axes
  3716 | D:5      | Reached XP level 8. HP: 61/67 MP: 7/7
  3795 | D:5      | Reached skill level 7 in Shields
  4021 | D:5      | Acquired Okawaru's first power
  4107 | D:5      | Noticed Duskembrace's ghost (experienced OgHu)
  4122 | D:5      | Killed Duskembrace's ghost
  4122 | D:5      | Reached skill level 5 in Fighting
  4672 | D:6      | Got a brightly glowing turquoise ring
  4699 | D:6      | Identified the ring of Xom's Flight of Fancy {rC- rN+ Acc+3} (You found it on level 6 of the Dungeon)
  4815 | D:6      | Reached skill level 8 in Shields
  5026 | D:6      | Noticed Pikel
  5046 | D:6      | Killed Pikel
  5046 | D:6      | Reached XP level 9. HP: 38/74 MP: 8/8
  5349 | D:7      | Reached skill level 5 in Dodging
  5413 | D:7      | Found a white marble altar of Elyvilon.
  5758 | D:7      | Reached skill level 9 in Shields
  5960 | D:7      | Reached skill level 1 in Stealth
  6148 | D:8      | Reached XP level 10. HP: 69/82 MP: 9/9
  6276 | D:8      | Noticed Blork the orc
  6288 | D:8      | Killed Blork the orc
  6495 | D:8      | Found a staircase to the Lair.
  6667 | D:8      | Identified a scroll of acquirement
  6830 | D:8      | Reached skill level 10 in Shields
  6916 | D:8      | Found a white marble altar of Elyvilon.
  7365 | D:9      | Noticed a cyclops
  7380 | D:9      | Killed a cyclops
  7380 | D:9      | Reached skill level 10 in Axes
  7426 | D:9      | Acquired Okawaru's second power
  7812 | D:9      | Found Kolumn's Assorted Antiques.
  7820 | D:9      | Bought a scroll of enchant armour for 176 gold pieces
  7873 | D:9      | Reached XP level 11. HP: 82/91 MP: 10/10
  8380 | D:10     | Entered Level 10 of the Dungeon
  8793 | D:10     | Noticed a hill giant
  8807 | D:10     | Killed a hill giant
  8807 | D:10     | Received a gift from Okawaru
  8846 | D:10     | Reached skill level 11 in Axes
  9232 | D:10     | Paralysed by a giant eyeball for 2 turns
  9470 | D:11     | Noticed a hill giant
  9482 | D:11     | Killed a hill giant
 10035 | D:11     | Noticed a hill giant
 10045 | D:11     | Killed a hill giant
 10138 | D:11     | Reached skill level 12 in Axes
 10198 | D:11     | Noticed a centaur warrior
 10206 | D:11     | Killed a centaur warrior
 10253 | D:11     | Received a gift from Okawaru
 10262 | D:11     | Reached XP level 12. HP: 58/101 MP: 11/11
 10618 | D:11     | Found a staircase to the Orcish Mines.
 10647 | D:11     | Got a crude chain mail
 10689 | D:11     | Identified the cursed +0 chain mail of the Ditch-Digger {rN+} (You found it on level 11 of the Dungeon)
 11100 | Orc:1    | Entered Level 1 of the Orcish Mines
 11639 | Orc:1    | Found a bloodstained altar of Trog.
 11918 | Orc:2    | Noticed Erica
 11918 | Orc:2    | Noticed Maurice
 11927 | Orc:2    | Killed Erica
 11927 | Orc:2    | Reached skill level 13 in Axes
 11953 | Orc:2    | Killed Maurice
 12259 | Orc:2    | Noticed Psyche
 12268 | Orc:2    | Killed Psyche
 12379 | Orc:2    | Received a gift from Okawaru
 12383 | Orc:2    | Noticed Nergalle
 12413 | Orc:2    | Killed Nergalle
 12661 | Orc:3    | Noticed Sonja
 12670 | Orc:3    | Reached skill level 10 in Fighting
 12677 | Orc:3    | Killed Sonja
 12747 | Orc:3    | Noticed Erolcha
 12757 | Orc:3    | Killed Erolcha
 12860 | Orc:3    | Noticed Joseph
 12872 | Orc:3    | Killed Joseph
 12874 | Orc:3    | Found a staircase to the Elven Halls.
 12906 | Orc:3    | Noticed Urug
 12922 | Orc:3    | Killed Urug
 13022 | Orc:4    | Entered Level 4 of the Orcish Mines
 13084 | Orc:4    | Found Ohuk's General Store.
 13204 | Orc:4    | Reached skill level 14 in Axes
 13221 | Orc:4    | Received a gift from Okawaru
 13222 | Orc:4    | Got a crystal war axe {god gift}
 13223 | Orc:4    | Identified the +0,-4 war axe "Kliesael" {holy, rElec rN+} (Okawaru gifted it to you on level 4 of the Orcish Mines)
 13223 | Orc:4    | Identified the +0,-4 war axe "Kliesael" {holy, rElec rN+} (Okawaru gifted it to you on level 4 of the Orcish Mines)
 13261 | Orc:4    | Noticed an ogre mage
 13266 | Orc:4    | Noticed an ogre mage
 13267 | Orc:4    | Noticed an ogre mage
 13274 | Orc:4    | Killed an ogre mage
 13276 | Orc:4    | Killed an ogre mage
 13276 | Orc:4    | Reached XP level 13. HP: 81/111 MP: 12/12
 13277 | Orc:4    | Killed an ogre mage
 13303 | Orc:4    | Received a gift from Okawaru
 13304 | Orc:4    | Got a bloodstained morningstar {god gift}
 13325 | Orc:4    | Found Giekh's Weapon Boutique.
 13355 | Orc:4    | Found Troxke Froff's Gadget Shoppe.
 13357 | Orc:4    | Found Shaala's Antique Armour Shop.
 13357 | Orc:4    | Found Reilutha's Magical Wand Shoppe.
 13380 | Orc:4    | Giekh's Weapon Boutique was a mimic.
 13381 | Orc:4    | Shaala's Antique Armour Shop was a mimic.
 13446 | Orc:4    | Found a roughly hewn altar of Beogh.
 13863 | Orc:4    | Found Trasoj's Assorted Antiques.
 13871 | Orc:4    | Bought a potion of curing for 56 gold pieces
 13871 | Orc:4    | Bought a potion of heal wounds for 84 gold pieces
 13871 | Orc:4    | Bought a sedimented orange potion for 25 gold pieces
 13871 | Orc:4    | Bought a purple potion for 25 gold pieces
 13871 | Orc:4    | Bought a murky pink potion for 25 gold pieces
 14614 | Elf:1    | Entered Level 1 of the Elven Halls
 14742 | Elf:1    | Received a gift from Okawaru
 14795 | Elf:1    | Found Arynumypp's Magical Wand Boutique.
 14992 | Elf:1    | Reached skill level 15 in Axes
 15109 | Elf:1    | Noticed a deep elf annihilator
 15124 | Elf:1    | Killed a deep elf annihilator
 15144 | Elf:1    | Found Psity's Magical Wand Emporium.
 15177 | Elf:1    | Killed from afar by a deep elf conjurer

Action                   |  1- 3 |  4- 6 |  7- 9 | 10-12 | 13-15 || total
-------------------------+-------+-------+-------+-------+-------++-------
Melee: Hand axe          |   153 |   100 |       |       |       ||   253
       War axe           |       |    25 |   408 |   543 |       ||   976
       Broad axe         |       |       |       |   402 |   261 ||   663
Throw: Tomahawk          |       |       |     2 |     1 |       ||     3
  Use: Scroll            |       |    11 |    11 |    16 |     4 ||    42
       Potion            |       |       |     1 |     7 |       ||     8
